 Dungeon Crawl Stone Soup version 0.32-a0-918-g0f22ef8d61 (webtiles) character file.

Game seed: 17900482363243930516

214017 runemasterragnar the Fetichist (level 18, -3/135 HPs)
             Began as a Coglin Gladiator on Apr 10, 2024.
             Was the Champion of Okawaru.
             Slain by a tentacle (11 damage)
             ... attached to a kraken
             ... on level 4 of the Shoals.
             The game lasted 01:25:02 (46008 turns).

runemasterragnar the Fetichist (Coglin Gladiator)  Turns: 46008, Time: 01:25:02

Health: -3/135     AC: 24    Str: 21    XL:     18   Next: 98%
Magic:  23/23      EV: 14    Int:  7    God:    Okawaru [******]
Gold:   2479       SH:  0    Dex: 16    Spells: 17/23 levels left

rFire   + + .        P - +8 lance "Wyrmbane" {slay drac, rPois rF+ rC+ AC+3}
rCold   + + +        a - +4 trident (flame) {Aiguo}
rNeg    . . .        R - +0 ice dragon scales
rPois   +            u - +1 hat "Xacracluo" {rElec rF+ Will+++ Int-5}
rElec   +            J - +0 cloak {rCorr}
rCorr   +            M - +2 pair of gloves {hurl}
SInv    .            N - +2 pair of boots "Ynikeoqe" {Int+3}
Will    ++++.        (amulet unavailable) Stlth
                     (ring unavailable)
HPRegen 0.42/turn    (ring unavailable)
MPRegen 0.18/turn    S - neosprocket L-10 {AutoDazzle, rF+ Slay+3}

%: no passive effects
@: hasted, revving, very quick
A: off-hand wielding, slow wielding, warmup strikes, no jewellery, frail 1
}: 1/15 runes: gossamer
a: Renounce Religion, Heroism, Finesse, Duel


You were on level 4 of the Shoals.
You worshipped Okawaru.
Okawaru was exalted by your worship.
You visited 7 branches of the dungeon, and saw 32 of its levels.
You also visited: Ossuary, Bailey, Gauntlet and Ice Cave.

You collected 4492 gold pieces.
You spent 2013 gold pieces at shops.

Inventory:

Hand Weapons
 a - a +4 trident of flaming (offhand) {Aiguo}
 P - the +8 lance "Wyrmbane" (weapon) {slay drac, rPois rF+ rC+ AC+3}
   (Okawaru gifted it to you in an ice cave)

   AC+3:      It affects your AC (+3).
   rF+:       It protects you from fire.
   rC+:       It protects you from cold.
   rPois:     It protects you from poison.
Missiles
 d - 5 throwing nets
 e - 18 javelins
 f - 10 boomerangs (quivered)
 v - a datura-tipped dart
 y - 11 poisoned darts
 C - 9 atropa-tipped darts
 Q - 5 darts of dispersal
 W - 9 silver javelins
Armour
 u - the +1 hat "Xacracluo" (worn) {rElec rF+ Will+++ Int-5}
   (Okawaru gifted it to you in an ice cave)

   Int-5:     It affects your intelligence (-5).
   rF+:       It protects you from fire.
   rElec:     It insulates you from electricity.
   Will+++:   It greatly increases your willpower.
 E - a scarf of resistance
 J - a +0 cloak of preservation (worn)
 M - a +2 pair of gloves of hurling (worn)
 N - the +2 pair of boots "Ynikeoqe" (worn) {Int+3}
   (You bought it in a shop on level 9 of the Dungeon)

   Int+3:     It affects your intelligence (+3).
 R - +0 ice dragon scales (worn)
Gizmo
 S - a neosprocket L-10 (installed) {AutoDazzle, rF+ Slay+3}
   (You invented it yourself in an ice cave)

   [neosprocket L-10]

   AutoDazzle: It sometimes fires a blinding ray at enemies whose attacks you
   dodge.
   Slay+3:    It affects your accuracy & damage with ranged weapons and melee
   (+3).
   rF+:       It protects you from fire.
Wands
 c - a wand of paralysis (3)
 l - a wand of polymorph (2)
 r - a wand of flame (41)
 B - a wand of mindburst (7)
 F - a wand of iceblast (26)
 K - a wand of light (9)
Scrolls
 h - 2 scrolls of amnesia
 i - a scroll of enchant armour
 m - 2 scrolls of vulnerability
 n - 5 scrolls of identify
 o - 3 scrolls of teleportation
 s - 7 scrolls of fog
 w - 4 scrolls of revelation
 G - 3 scrolls of poison
 H - 3 scrolls of torment
 T - a scroll of silence
 V - 2 scrolls of brand weapon
 X - 2 scrolls of immolation
 Z - a scroll of enchant weapon
Potions
 b - 4 potions of enlightenment
 g - a potion of berserk rage
 j - 5 potions of curing
 k - 5 potions of ambrosia
 p - 4 potions of haste
 t - 2 potions of resistance
 x - 3 potions of mutation
 z - 3 potions of might
 A - 2 potions of attraction
 D - 3 potions of cancellation
 I - 4 potions of lignification
 L - 2 potions of magic
Miscellaneous
 O - a lightning rod (4/4)
 U - a phial of floods
 Y - a tin of tremorstones (2/2)


   Skills:
 + Level 16.0 Fighting
 - Level 18.6 Polearms
 - Level 12.0 Throwing
 + Level 8.8 Armour
 - Level 11.7 Dodging
 + Level 3.2 Spellcasting
 * Level 5.6 Necromancy
 * Level 5.7 Translocations
 - Level 7.0 Invocations
 - Level 18.8 Evocations


You had 17 spell levels left.
You knew the following spells:

 Your Spells              Type           Power      Damage    Failure   Level
a - Apportation           Tloc           18%        N/A       9%          1
b - Blink                 Tloc           18%        N/A       13%         2
c - Fugue of the Fallen   Necr           9%         N/A       28%         3

Your spell library contained the following spells:

 Spells                   Type           Power      Damage    Failure   Level
 Kiss of Death            Conj/Necr      20%        2d7       30%         1
 Foxfire                  Conj/Fire      4%         2x1d4     67%         1
 Magic Dart               Conj           4%         1d3       67%         1
 Sandblast                Erth           2%         2d4       67%         1
 Dispel Undead            Necr           9%         3d8       67%         4
 Ensorcelled Hibernation  Hex/Ice        2%         N/A       82%         2
 Jinxbite                 Hex            2%         N/A       82%         2
 Confusing Touch          Hex            1%         N/A       96%         3
 Hailstorm                Conj/Ice       1%         3d5       96%         3
 Stone Arrow              Conj/Erth      2%         3d7       96%         3
 Anguish                  Hex/Necr       2%         N/A       96%         4
 Dimensional Bullseye     Hex/Tloc       2%         N/A       96%         4
 Iskenderun's Mystic Bla Conj/Tloc 5%             2d3        (+2d1     96%         4
 Brom's Barrelling Bould  Conj/Erth      1%         2d3       100%        4
 Cause Fear               Hex            0%         N/A       100%        4
 Alistair's Intoxication  Alch           0%         N/A       100%        5
 Borgnjor's Vile Clutch   Necr/Erth      2%         N/A       100%        5
 Conjure Ball Lightning   Conj/Air       0%         3x3d6     100%        6
 Permafrost Eruption      Ice/Erth       0%         2x4d1     100%        6
 Plasma Beam              Fire/Air       0%         2x1d10    100%        6
 Starburst                Conj/Fire      0%         6d3       100%        6
 Enfeeble                 Hex            0%         N/A       100%        7
 Discord                  Hex            0%         N/A       100%        8
 Disjunction              Tloc           4%         N/A       100%        8
 Shatter                  Erth           0%         3d5*      100%        9
 Call Imp                 Summ           Unusable   N/A       N/A         2
 Summon Ice Beast         Ice/Summ       Unusable   N/A       N/A         3
 Tukima's Dance           Hex            Unusable   N/A       N/A         3
 Animate Armour           Summ/Erth      Unusable   N/A       N/A         4
 Summon Mana Viper        Hex/Summ       Unusable   N/A       N/A         5
 Sculpt Simulacrum        Ice/Alch       Unusable   N/A       N/A         6

Dungeon Overview and Level Annotations

Branches:
Dungeon (15/15)            Temple (1/1) D:4            Lair (5/5) D:8
 Shoals (4/4) Lair:2       Spider (4/4) Lair:3        Slime (0/5) Lair:4
    Orc (2/2) D:12            Elf (0/3) Orc:2        Vaults (0/5) D:13
 Depths (1/4) D:15        Ossuary (visited)          Bailey (visited)
  IceCv (visited)         Gauntlet (visited)

Altars:
Ashenzari
Cheibriados
Dithmenos
Elyvilon
Fedhas
Gozag
Hepliaklqana
Kikubaaqudgha
Makhleb
Nemelex Xobeh
Okawaru
Qazlal
Ru
Sif Muna
Trog
Uskayaw
Vehumet
Wu Jian
Xom
Yredelemnul
Zin
The Shining One
Jiyva

Shops:
D:9 [   D:13 *   Orc:2 ?:*[(   Shoals:1 :!   Shoals:4 *

Annotations:
D:5 1 runed translucent door, pokedragonboy's ghost, novice AtFi
D:10 2 transporters, exclusion: oklob plant, jamsaran's ghost, journeyman TeSu
Lair:3 exclusion: oklob plant
Lair:4 exclusion: oklob plant
Shoals:3 Ilsuiw
Shoals:4 3 runed translucent doors, freelancePsychic's ghost, adept DjBe
Depths:1 exclusion: orange crystal statue


Innate Abilities, Weirdness & Mutations

You can wield a second weapon in your off-hand.
It takes a long time for you to wield or remove held weapons.
Your first few attacks do less damage.
You cannot equip rings or amulets.
You are frail. (-10% HP)


Message History

Press: ? - help, Dir - move target, f/p - kraken
Aim: a kraken (water, heavily wounded, about 2% to evade the +8 lance "Wyrmbane")
The tentacle is in the way.
You hit the tentacle with your +4 trident of flaming.
You burn the tentacle.
The tentacle is moderately wounded.
You puncture the tentacle with the +8 lance "Wyrmbane"!
Tentacles burst out of the water!
The tentacle slaps you. 2 tentacles come into view.
Unknown command.
Reach: P) +8 lance "Wyrmbane" {slay drac, rPois rF+ rC+ AC+3}
Press: ? - help, Dir - move target, f/p - kraken
Aim: a kraken (water, heavily wounded, about 2% to evade the +8 lance "Wyrmbane")
The tentacle is in the way.
You hit the tentacle with your +4 trident of flaming.
You burn the tentacle.
The tentacle is heavily wounded.
You puncture the tentacle with the +8 lance "Wyrmbane"!
The tentacle misses you. The tentacle barely misses you.
The tentacle slaps you!
* * * LOW HITPOINT WARNING * * *
The tentacle slaps you but does no damage.
Okay, then.
You feel yourself speed up. The tentacle slaps you!
* * * LOW HITPOINT WARNING * * *
The tentacle slaps you!
* * * LOW HITPOINT WARNING * * *
The tentacle slaps you but does no damage. x2
Unknown command.
Okay, then.
Unknown command.
The tentacle slaps you but does no damage.
The tentacle misses you.
The tentacle slaps you but does no damage.
The tentacle barely misses you. The tentacle slaps you!
* * * LOW HITPOINT WARNING * * *
A tentacle rises from the water!
The tentacle closely misses you. The tentacle slaps you!
You die...

~~~~≈≈~...........∩..,,,...~~P..S
≈~~≈≈≈≈~.~.................H..~P.
≈≈≈≈≈≈≈≈~~^...............P..#.P.
≈≈≈≈≈≈~)~~~.................P####
≈≈≈≈≈≈~~~~~~..~~.....~~..P..#####
≈≈≈≈≈≈~~~~~~~~~~...........P.P...
≈≈≈≈≈≈~~~~~~~.~~..........PPPPP..
~~≈≈≈≈≈~~~~~.......~~.#*****#.P..
~~~≈≈≈≈≈~~~~~...@##.~#*≈≈~≈≈##P..
~~~~≈≈≈≈~~~~~..wwwP~#*~#m...~##..
~~~~~≈≈≈≈~~~~~~<>│~~#~*,HHH..~#..
~~~~~≈≈≈≈≈~~~~~/>│.~#~,,≈SH#..#..
~~~~~≈≈≈≈≈~~~~<│/~~~#~,~≈*#≈..#..
~~~~~≈≈≈≈≈≈~~~~X~~~~#~,~~*≈HH.#..
~~~~~~≈≈≈≈≈~~.w~≈~~~#~,,*~,,#.#..
~~~~~~~≈≈≈≈~~~~~≈≈≈≈#*~,,,,*,#m..
~~~~~~~~≈≈≈≈~~~≈≈≈≈≈≈**~,,,,#m...


You could see a kraken and 4 tentacles.

Vanquished Creatures
  Nikola (Spider:4)
  Jorgrun (Shoals:3)
  A kraken (Shoals:3)
  Polyphemus (Shoals:2)
  Donald (Spider:4)
  Aizul (Spider:4)
  Roxanne (Shoals:2)
  An emperor scorpion (Spider:4)
  A frost giant (IceCv)
  4 ghost moths (Spider:4)
  A quicksilver ooze (Gauntlet)
  An orc warlord (Orc:2)
  2 broodmothers (Spider:4)
  A minotaur (Gauntlet)
  2 spark wasps
  4 merfolk javelineers
  5 merfolk impalers
  3 entropy weavers
  2 alligator snapping turtles
  8 hydras
  5 catoblepae
  4 centaur warriors
  An ogre mage (D:13)
  5 boulder beetles
  5 jorogumos
  9 radroaches
  6 two-headed ogres
  4 merfolk aquamancers
  4 merfolk avatars
  A satyr (Shoals:4)
  15 death yaks
  3 orc high priests (Orc:2)
  A deep troll earth mage (D:15)
  A tengu warrior (D:13)
  14 demonic crawlers
  Nergalle (Lair:2)
  5 skysharks
  A deep elf knight (D:13)
  3 pharaoh ants
  12 skeletal warriors
  9 sea snakes
  5 orb spiders
  7 deep elf pyromancers
  5 orc knights
  3 sun moths (Spider:1)
  Pikel (D:4)
  7 steelbarb worms
  17 harpies
  An oklob plant (Lair:4)
  9 ugly things
  6 orc sorcerers
  13 manticores
  4 fauns
  20 wolf spiders
  4 cyclopes
  Maurice (D:9)
  A moth of wrath (Spider:3)
  A worldbinder (Gauntlet)
  12 slime creatures
  8 merfolk sirens
  2 meliai (D:15)
  6 torpor snails
  4 water nymphs
  5 black mambas
  A rust devil (Gauntlet)
  An ice statue (IceCv)
  7 cane toads
  4 centaur skeletons (D:13)
  A kobold demonologist (D:13)
  A freezing wraith (D:15)
  3 rime drakes (Lair:5)
  6 komodo dragons
  13 merfolk
  3 trolls
  27 tarantellas
  6 wind drakes
  8 polar bears
  A hornet (D:7)
  23 jumping spiders
  10 dream sheep
  Prince Ribbit (D:8)
  19 blink frogs
  8 snapping turtles
  A vampire (D:11)
  2 shadows
  95 yaks
  25 culicivoras
  8 wyverns
  8 water elementals
  3 wraiths
  A ynoxinul (Gauntlet)
  Grum (D:8)
  58 redbacks
  7 vampire mosquitoes
  A basilisk (Lair:4)
  A steam dragon (D:8)
  2 acid dragons
  18 water moccasins
  38 orc warriors
  An ice beast (D:3)
  A black bear (D:4)
  A sky beast (D:6)
  A black bear (shapeshifter) (D:14)
  7 ogres
  37 wolves
  A boggart (Gauntlet)
  14 centaurs
  A phantom (D:7)
  2 lemures (D:4)
  Blork the orc (D:4)
  A gnoll sergeant (D:6)
  6 bullfrogs
  4 kobold brigands
  4 scorpions
  2 burial acolytes (Ossuary)
  20 wights
  17 killer bees
  9 howler monkeys
  7 electric eels
  4 hounds
  A bombardier beetle (D:4)
  3 jellies
  17 orc priests
  2 gnoll boudas
  3 iron imps (Gauntlet)
  3 iguanas
  A sleepcap (D:5)
  22 orc wizards
  A mummy (D:4)
  5 adders
  15 gnolls
  2 ufetubi (D:5)
  An adder skeleton (Ossuary)
  A dart slug (D:5)
  A ribbon worm (D:2)
  61 orcs
  4 bats
  6 endoplasms
  4 giant cockroaches
  17 goblins
  14 hobgoblins
  3 jackals (D:5)
  8 quokkas
  4 ball pythons
  3 frilled lizards
  A goblin zombie (D:4)
  A hobgoblin skeleton (Ossuary)
  A hobgoblin zombie (D:4)
  7 kobolds
  3 kobold skeletons (Ossuary)
  3 orc skeletons (Ossuary)
  7 rats
  5 tentacles
1076 creatures vanquished.

Vanquished Creatures (others)
  A pharaoh ant (Spider:4)
  A yak (IceCv)
  An orc wizard (Orc:2)
  3 kobolds (D:7)
  23 tentacles
29 creatures vanquished.

Grand Total: 1105 creatures vanquished

Notes
Turn   | Place    | Note
-------+----------+-------------------------------------------
     0 | D:1      | runemasterragnar the Coglin Gladiator began the quest for
                  | the Orb.
     0 | D:1      | Reached XP level 1. HP: 16/16 MP: 1/1
   138 | D:1      | Reached XP level 2. HP: 20/22 MP: 2/2
   675 | D:2      | Reached XP level 3. HP: 28/28 MP: 3/3
  1131 | D:2      | Reached XP level 4. HP: 34/34 MP: 4/4
  1878 | D:3      | Noticed an ice beast
  1892 | D:3      | Killed an ice beast
  1893 | D:3      | Reached XP level 5. HP: 5/41 MP: 5/5
  2540 | D:4      | Noticed a lemure
  2540 | D:4      | Noticed a lemure
  2540 | D:4      | Noticed Pikel
  2541 | D:4      | Noticed a lemure
  2542 | D:4      | Noticed a lemure
  2593 | D:4      | Reached XP level 6. HP: 47/47 MP: 6/6
  2715 | D:4      | Found a sand-covered staircase.
  2724 | Ossuary  | Entered an ossuary
  3393 | Ossuary  | Noticed a laughing skull
  3400 | Ossuary  | Noticed a laughing skull
  3404 | Ossuary  | Noticed a laughing skull
  3409 | Ossuary  | Reached skill level 5 in Polearms
  3418 | Ossuary  | Reached XP level 7. HP: 34/53 MP: 7/7
  3833 | D:4      | Killed Pikel
  3834 | D:4      | Reached XP level 8. HP: 49/61 MP: 8/8
  3872 | D:4      | Noticed Blork the orc
  3876 | D:4      | Killed Blork the orc
  4005 | D:4      | Reached skill level 5 in Dodging
  4475 | D:4      | Found a staircase to the Ecumenical Temple.
  4658 | Temple   | Entered the Ecumenical Temple
  4671 | Temple   | Became a worshipper of Warmaster Okawaru
  4705 | D:5      | Entered Level 5 of the Dungeon
  4743 | D:5      | Identified the +0 trident of Regicide {pain, rElec Str+2
                  | Int-5}
  4879 | D:5      | Reached skill level 5 in Fighting
  5013 | D:5      | Found a runed translucent door.
  5013 | D:5      | Noticed pokedragonboy's ghost (novice AtFi)
  5197 | D:5      | Reached XP level 9. HP: 58/68 MP: 9/9
  5649 | D:6      | Noticed a white ugly thing
  5660 | D:6      | Killed a white ugly thing
  5660 | D:6      | Reached * piety under Okawaru
  5661 | D:6      | Reached skill level 5 in Throwing
  6402 | D:6      | Reached skill level 5 in Evocations
  6418 | D:6      | Reached ** piety under Okawaru
  7069 | D:7      | Found a shadowy altar of Dithmenos.
  7069 | D:7      | Found a snail-covered altar of Cheibriados.
  7071 | D:7      | Found a glowing golden altar of the Shining One.
  7074 | D:7      | Found a stormy altar of Qazlal.
  7075 | D:7      | Found an ornate altar of the Wu Jian Council.
  7403 | D:7      | Noticed a hornet
  7410 | D:7      | Killed a hornet
  7465 | D:7      | Reached XP level 10. HP: 45/76 MP: 10/10
  8294 | D:8      | Found a staircase to the Lair.
  8329 | D:8      | Found a flagged portal.
  8427 | Bailey   | Entered a bailey
  8553 | Bailey   | Reached *** piety under Okawaru
  8718 | Bailey   | Acquired a manual of Evocations
  8792 | Bailey   | Noticed an orc knight
  8972 | D:8      | Noticed Prince Ribbit
  8980 | D:8      | Killed Prince Ribbit
 10737 | D:8      | Found a shimmering blue altar of Sif Muna.
 10788 | D:8      | Noticed Grum
 10811 | D:8      | Reached **** piety under Okawaru
 10847 | D:8      | Killed Grum
 11541 | D:9      | Reached XP level 11. HP: 68/84 MP: 11/11
 11603 | D:9      | Noticed Maurice
 11608 | D:9      | Maurice stole the +0 trident of Regicide {pain, rElec Str+2
                  | Int-5}
 11613 | D:9      | Maurice stole 3 throwing nets
 11616 | D:9      | Maurice stole 221 gold
 11621 | D:9      | Killed Maurice
 11836 | D:9      | Identified the +0 leather armour "Atumuc" {Stlth+}
 12124 | D:9      | Found Kautinn's Antique Armour Shop.
 12142 | D:9      | Bought a pair of runed gloves for 172 gold pieces
 12142 | D:9      | Bought a pair of steaming boots for 218 gold pieces
 12142 | D:9      | Identified the +2 pair of boots "Ynikeoqe" {Int+3} (You
                  | bought it in a shop on level 9 of the Dungeon)
 12200 | D:9      | Found a sparkling altar of Nemelex Xobeh.
 12210 | D:9      | Found a radiant altar of Vehumet.
 12386 | D:10     | Entered Level 10 of the Dungeon
 12409 | D:10     | Found a transporter.
 12418 | D:10     | Noticed an oklob plant
 12419 | D:10     | Noticed a two-headed ogre
 12419 | D:10     | Noticed a two-headed ogre
 12421 | D:10     | Noticed jamsaran's ghost (journeyman TeSu)
 12460 | D:10     | Reached skill level 10 in Polearms
 12469 | D:10     | Reached ***** piety under Okawaru
 12590 | D:10     | Found a transporter.
 12811 | D:10     | Noticed a two-headed ogre
 12821 | D:10     | Killed a two-headed ogre
 12822 | D:10     | Reached skill level 10 in Evocations
 13139 | D:10     | Noticed a two-headed ogre
 13149 | D:10     | Killed a two-headed ogre
 13149 | D:10     | Received a gift from Okawaru
 13274 | Lair:1   | Entered Level 1 of the Lair of Beasts
 13420 | Lair:1   | Received a gift from Okawaru
 13777 | Lair:1   | Reached XP level 12. HP: 94/94 MP: 12/12
 13802 | Lair:1   | Reached skill level 10 in Dodging
 15034 | Lair:2   | Noticed Nergalle
 15052 | Lair:2   | Killed Nergalle
 15169 | Lair:2   | Found a staircase to the Shoals.
 15533 | Lair:2   | Noticed an eight-headed hydra
 15542 | Lair:2   | Killed an eight-headed hydra
 15777 | Lair:2   | Received a gift from Okawaru
 16195 | Lair:3   | Got the Secrets of Quicksand
 16905 | Lair:3   | Reached XP level 13. HP: 91/101 MP: 13/13
 16907 | Lair:3   | Learned a level 1 spell: Apportation
 16910 | Lair:3   | Learned a level 2 spell: Blink
 17008 | Lair:3   | Found a hole to the Spider Nest.
 17966 | Lair:4   | Received a gift from Okawaru
 18648 | Lair:4   | Found a viscous altar of Jiyva.
 18872 | Lair:4   | Found a staircase to the Slime Pits.
 19447 | Lair:5   | Entered Level 5 of the Lair of Beasts
 19504 | Lair:5   | Received a gift from Okawaru
 19505 | Lair:5   | Reached skill level 10 in Fighting
 19556 | Lair:5   | Reached skill level 1 in Armour
 19575 | Lair:5   | Found a frozen archway.
 19591 | Lair:5   | Reached skill level 1 in Invocations
 19608 | IceCv    | Entered an ice cave
 20277 | IceCv    | Reached ****** piety under Okawaru
 20281 | IceCv    | Acquired the +8 lance "Wyrmbane" {slay drac, rPois rF+ rC+
                  | AC+3}
 20281 | IceCv    | Received a gift from Okawaru
 20281 | IceCv    | Found the +8 lance "Wyrmbane" {slay drac, rPois rF+ rC+
                  | AC+3}
 20409 | IceCv    | Received a gift from Okawaru
 20444 | IceCv    | Identified the +2 orcbow of a volcano {flame, rPois rCorr
                  | Str-5 SInv}
 20711 | IceCv    | Reached XP level 14. HP: 61/111 MP: 15/15
 20711 | IceCv    | Acquired a neosprocket L-10 {AutoDazzle, rF+ Slay+3}
 20887 | IceCv    | Noticed a frost giant
 20920 | IceCv    | Killed a frost giant
 21365 | Lair:5   | Received a gift from Okawaru
 22014 | Lair:5   | Reached skill level 10 in Throwing
 22386 | Lair:5   | Received a gift from Okawaru
 22555 | Lair:5   | Identified the +4 robe of Luit {Harm rN++ Str-4 Dex+2}
 23526 | D:10     | Received a gift from Okawaru
 23623 | D:11     | Reached XP level 15. HP: 108/119 MP: 18/18
 24407 | D:12     | Reached skill level 5 in Armour
 25304 | D:12     | Found a staircase to the Orcish Mines.
 25453 | D:13     | Found Fitwuyff's General Store.
 25493 | D:13     | Reached skill level 5 in Invocations
 25913 | D:13     | Acquired the +1 hat "Xacracluo" {rElec rF+ Will+++ Int-5}
 25913 | D:13     | Received a gift from Okawaru
 26027 | D:13     | Received a gift from Okawaru
 26382 | D:13     | Received a gift from Okawaru
 26480 | D:13     | Found a gate to the Vaults.
 26931 | D:14     | You fall into a shaft and drop 1 floor!
 26931 | D:15     | Entered Level 15 of the Dungeon
 26960 | D:15     | Found a white marble altar of Elyvilon.
 27973 | D:15     | Received a gift from Okawaru
 28323 | D:14     | Acquired 940 gold pieces
 28336 | D:14     | Reached XP level 16. HP: 100/129 MP: 20/20
 28489 | Orc:1    | Entered Level 1 of the Orcish Mines
 28583 | Orc:1    | Found a bloodstained altar of Trog.
 28881 | Orc:2    | Entered Level 2 of the Orcish Mines
 28909 | Orc:2    | Found a staircase to the Elven Halls.
 28921 | Orc:2    | Found a gate leading to a gauntlet.
 28941 | Gauntlet | Entered a Gauntlet
 28941 | Gauntlet | Found a transporter.
 28941 | Gauntlet | Found a transporter.
 28942 | Gauntlet | Found a transporter.
 28942 | Gauntlet | Found a transporter.
 28945 | Gauntlet | Found a transporter.
 28945 | Gauntlet | Found a transporter.
 28957 | Gauntlet | Found a transporter.
 28957 | Gauntlet | Found a transporter.
 28961 | Gauntlet | Found a transporter.
 28962 | Gauntlet | Found a transporter.
 28972 | Gauntlet | Found a transporter.
 28975 | Gauntlet | Found a transporter.
 29248 | Gauntlet | Identified the +8 shortbow of Guile {drain, rPois rF- MP+9
                  | Dex+4}
 29248 | Gauntlet | Identified the +12 dire flail "Pybrir" {spect, ^Drain rPois
                  | Str-4 Dex+4}
 29264 | Gauntlet | Identified the staff of Hamun {Will+ Str+3 Earth}
 29265 | Gauntlet | Got Duukeiwk's Directory of Twisted Fascination
 29455 | Orc:2    | Found Awit's Magic Scroll Shop.
 30048 | Orc:2    | Bought a scroll of vulnerability for 44 gold pieces
 30048 | Orc:2    | Bought a scroll of identify for 22 gold pieces
 30159 | Orc:2    | Found Losim's General Store.
 30160 | Orc:2    | Found Ygearphi's Book Emporium.
 30162 | Orc:2    | Found Eposhriba's Antique Armour Shoppe.
 30162 | Orc:2    | Found Woocw's Antique Weapon Shoppe.
 30177 | Orc:2    | Bought a scroll of teleportation for 42 gold pieces
 30177 | Orc:2    | Bought a scroll of teleportation for 42 gold pieces
 30179 | Orc:2    | Bought a manual of Polearms for 1120 gold pieces
 30389 | Orc:2    | Bought a scroll of teleportation for 33 gold pieces
 30389 | Orc:2    | Bought a scroll of enchant armour for 82 gold pieces
 30920 | D:15     | Found a staircase to the Depths.
 31320 | D:15     | Reached skill level 15 in Polearms
 31509 | Depths:1 | Entered Level 1 of the Depths
 31775 | Spider:1 | Entered Level 1 of the Spider Nest
 31798 | Spider:1 | Received a gift from Okawaru
 33070 | Spider:1 | Received a gift from Okawaru
 33966 | Spider:2 | Identified the +3 falchion of the Orcish Mines {venom, Fly
                  | rElec rC- rCorr}
 34019 | Spider:2 | Reached XP level 17. HP: 107/138 MP: 22/22
 34026 | Spider:2 | Received a gift from Okawaru
 35174 | Spider:3 | Received a gift from Okawaru
 35298 | Spider:3 | Gained mutation: You are frail. (-10% HP) [mutagenic glow]
 35982 | Spider:3 | Identified the +9 rapier "Emilag" {spect, rF+ rN+ Will+}
 36426 | Spider:4 | Entered Level 4 of the Spider Nest
 36615 | Spider:4 | Received a gift from Okawaru
 36922 | Spider:4 | Reached skill level 15 in Evocations
 37805 | Spider:4 | Reached skill level 15 in Fighting
 37822 | Spider:4 | Noticed Donald
 38327 | Spider:4 | Noticed Nikola
 38331 | Spider:4 | Identified the serpent talisman of the Endless Expanse {rF+
                  | rC- Int+4 Stlth+}
 38331 | Spider:4 | Noticed Aizul
 38339 | Spider:4 | Killed Aizul
 38650 | Spider:4 | Killed Donald
 38694 | Spider:4 | Killed Nikola
 39422 | Spider:4 | Received a gift from Okawaru
 39423 | Spider:4 | Reached XP level 18. HP: 77/134 MP: 1/23
 39850 | Spider:4 | Got a gossamer rune of Zot
 40177 | Shoals:1 | Entered Level 1 of the Shoals
 40203 | Lair:2   | Upgraded the game from 0.32-a0-913-g739538afd8 to
                  | 0.32-a0-918-g0f22ef8d61
 40518 | Shoals:1 | Reached skill level 1 in Translocations
 40522 | Shoals:1 | Learned a level 3 spell: Fugue of the Fallen
 40605 | Shoals:1 | Reached skill level 1 in Necromancy
 40712 | Shoals:1 | Reached skill level 1 in Spellcasting
 40712 | Shoals:1 | Identified the +5 halberd "Taucin" {holy, rF+}
 40980 | Shoals:1 | Received a gift from Okawaru
 41228 | Shoals:1 | Found Dooczo's Book Shop.
 41256 | Shoals:1 | Found Hosilud's Distillery.
 41261 | Shoals:1 | Bought a potion of curing for 42 gold pieces
 41266 | Shoals:1 | Bought a potion of haste for 140 gold pieces
 41266 | Shoals:1 | Bought a potion of might for 56 gold pieces
 41767 | Shoals:2 | Noticed Roxanne
 41791 | Shoals:2 | Killed Roxanne
 42419 | Shoals:2 | Noticed Polyphemus
 42438 | Shoals:2 | Killed Polyphemus
 42438 | Shoals:2 | Received a gift from Okawaru
 43154 | Shoals:3 | Noticed Jorgrun
 43446 | Shoals:3 | Killed Jorgrun
 43784 | Shoals:3 | Noticed Ilsuiw
 44247 | Shoals:3 | Reached skill level 5 in Translocations
 44552 | Shoals:4 | Entered Level 4 of the Shoals
 44553 | Shoals:4 | Noticed freelancePsychic's ghost (adept DjBe)
 44801 | Shoals:4 | Reached skill level 5 in Necromancy
 44825 | Shoals:4 | Received a gift from Okawaru
 44847 | Shoals:4 | Found a runed translucent gate.
 44856 | Shoals:4 | Found a runed translucent gate.
 44877 | Shoals:4 | Found a runed translucent gate.
 45673 | Shoals:4 | Found Sonirul's Superlative Supplies.
 46008 | Shoals:4 | Slain by a tentacle

Illustrated notes

Levels and vault maps discovered:
D:1:      nzn_arrival_water_spiral, layout_loops_ring
D:2:      layout_basic, due_unseen_surprise
D:3:      wad_pebble_path, layout_loops_ring, minmay_misc_feat_four_crosses,
          minmay_starry_boxes
D:4:      layout_loops_ring, minmay_temple_entry_poolview,
          nicolae_ossuary_entry_giza, minmay_manual_mail, uniq_blork_the_orc,
          uniq_pikel
D:5:      layout_loops_ring, gammafunk_ghost_grave
D:6:      layout_basic
D:7:      layout_cave_pods, grunt_temple_overflow_open, nicolae_lava_and_water
D:8:      layout_rooms, hellmonk_sif_muna_bookshelves, erik_lair_island,
          enter_bailey_3, grunt_tough_drop, uniq_grum, uniq_prince_ribbit1
D:9:      layout_basic, amethyst_overflow_temple_binary, serial_shops,
          nicolae_shop_tiny_waterfront, uniq_maurice
D:10:     layout_basic, nzn_ghost_randoct
D:11:     layout_roguey
D:12:     layout_irregular_city, david_orc_4
D:13:     layout_roguey, hangedman_vaults_entry_quadrant_bands, serial_shops,
          shop, minmay_crystal_water
D:14:     layout_loops_ring, kennysheep_generic_room_6
D:15:     hellmonk_depths_entry_around_the_bend, layout_long_grid,
          elyvilon_altar_3
Temple:   dpeg_chambers_temple
Lair:1:   layout_gridlike, dreamdust_mushroom_princess,
          infiniplex_staircase_pool_2
Lair:2:   layout_cave_pods, minmay_shoals_entry_centaurs, st_stairs_3,
          uniq_nergalle
Lair:3:   layout_chaotic_city, hellmonk_spider_entry_life_and_decay,
          st_stairs_13
Lair:4:   layout_small_grid, minmay_slime_entry_oklob_enclosed
Lair:5:   evilmike_catoblepas_cave, layout_regular_city, portal_ice_cave_rime
Shoals:1: layout_shoals, serial_shops, nicolae_shop_hallway_stairs,
          nicolae_shop_hallway_plus, st_sunken_temple
Shoals:2: layout_shoals, uniq_roxanne, uniq_polyphemus
Shoals:3: layout_shoals, nicolae_shoals_hunting_party, uniq_ilsuiw, uniq_jorgrun
Shoals:4: shoals_end_hangedman, layout_shoals, ebering_ghost_rock_garden,
          nicolae_alphabet_shops
Spider:1: layout_chambers, nicolae_spider_webs_and_nodes,
          nicolae_spider_solar_radiation
Spider:2: layout_spider_delve
Spider:3: layout_chambers, worms_lemuel
Spider:4: grunt_spider_rune_parallel, uniq_nikola, uniq_donald, uniq_aizul
Orc:1:    layout_caves, basic_altar
Orc:2:    st_orc_congregation, layout_caves, serial_shops, shop_statue,
          gauntlet_entry_generic
Depths:1: layout_basic, hell_entry, moated_statue, serial_shops, shop,
          statue_in_the_mist_lemuel, serial_bayou_pond_c,
          dpeg_stationary_puzzle, uniq_boris

Skill      XL: |  1  2  3  4  5  6  7  8  9 10 11 12 13 14 15 16 17 18 |
---------------+-------------------------------------------------------+-----
Polearms       | 3 4 5 6 7 8 9 10 12 13 14 17 18 | 18.6
Throwing       | 2 3 4 5 6 7 8 9 10 11 12 | 12.0
Fighting       | 3 4 5 6 7 8 9 10 11 12 13 15 16 | 16.0
Dodging        | 3 4 5 7 8 9 11 | 11.7
Evocations     | 2 4 5 8 11 13 14 18 | 18.8
Armour         | 2 4 7 8 |  8.8
Invocations    | 2 4 6 7 |  7.0
Translocations | 5 |  5.7
Necromancy     | 5 |  5.6
Spellcasting   | 3 |  3.2

Action                     |  1- 3 |  4- 6 |  7- 9 | 10-12 | 13-15 | 16-18 || total
---------------------------+-------+-------+-------+-------+-------+-------++-------
  Melee: Trident           |    73 |   122 |   217 |   722 |   947 |  1078 ||  3159
         Dagger            |    45 |    66 |       |       |       |       ||   111
         Spear             |       |    41 |   204 |   675 |   232 |       ||  1152
         Lance             |       |       |       |       |   683 |  1079 ||  1762
  Throw: Dart              |       |       |       |    19 |    15 |    54 ||    88
         Boomerang         |       |       |       |    49 |    53 |   477 ||   579
         Javelin           |       |       |       |       |       |    34 ||    34
 Invoke: Heroism           |       |       |       |     3 |     5 |     5 ||    13
         Finesse           |       |       |       |     1 |     2 |     4 ||     7
         Receive Weapon    |       |       |       |       |     1 |       ||     1
         Receive Armour    |       |       |       |       |     1 |       ||     1
Ability: Invent Gizmo      |       |       |       |       |     1 |       ||     1
  Evoke: Wand              |       |       |     7 |     4 |    10 |    21 ||    42
         Tin of tremorston |       |       |       |       |     1 |     2 ||     3
         Phial of floods   |       |       |       |       |     1 |     1 ||     2
         Lightning rod     |       |       |       |       |       |     8 ||     8
    Use: Scroll            |       |    10 |    10 |     6 |    11 |    18 ||    55
         Potion            |       |       |     3 |     6 |     7 |    10 ||    26
   Stab: Sleeping          |     2 |     1 |       |       |       |       ||     3
         Paralysed         |       |       |    11 |       |    12 |       ||    23
         Invisible         |       |       |       |       |     2 |    14 ||    16
         Distracted        |       |       |       |       |       |     1 ||     1
 Armour: Leather armour    |    27 |    56 |    42 |       |       |       ||   125
         Ring mail         |       |       |    70 |    57 |       |       ||   127
         Skin              |       |       |     6 |       |       |       ||     6
         Acid dragon scale |       |       |       |   315 |   107 |       ||   422
         Plate armour      |       |       |       |       |    50 |       ||    50
         Ice dragon scales |       |       |       |       |   367 |   807 ||  1174
  Dodge: Dodged            |    21 |    47 |   121 |   395 |   371 |   585 ||  1540

Table legend: (Time is in decaauts)
 A = Elapsed time spent in this place.
 B = Non-inter-level travel time spent in this place.
 C = Inter-level travel time spent in this place.
 D = Time resting spent in this place.
 E = Time spent auto-exploring this place.
 F = Levels seen in this place.
 G = Mean time per level.
                   A        B        C        D        E       F      G
               +--------+--------+--------+--------+--------+-----+--------+
         Total |  44823 |  42171 |   2652 |  11326 |  23782 |  36 | 1245.1 |
       Dungeon |  18130 |  16369 |   1761 |   3659 |  10362 |  15 | 1208.7 |
        Temple |     26 |      1 |     25 |      0 |      0 |   1 |   26.0 |
          Lair |   8181 |   7705 |    476 |   1275 |   5307 |   5 | 1636.2 |
        Shoals |   5591 |   5520 |     71 |   2336 |   2064 |   4 | 1397.8 |
   Spider Nest |   8011 |   7766 |    245 |   2481 |   4183 |   4 | 2002.8 |
  Orcish Mines |   1485 |   1414 |     71 |    267 |    865 |   2 |  742.5 |
        Depths |      1 |      1 |      0 |      0 |      0 |   1 |    1.0 |
       Ossuary |   1045 |   1045 |      0 |    686 |    224 |   1 | 1045.0 |
        Bailey |    363 |    363 |      0 |    133 |    116 |   1 |  363.0 |
      Ice Cave |   1671 |   1671 |      0 |    485 |    647 |   1 | 1671.0 |
      Gauntlet |    314 |    314 |      0 |      0 |     13 |   1 |  314.0 |
               +--------+--------+--------+--------+--------+-----+--------+

Top non-repeatable levels by time:
Spider:4: 2877 daAuts
Spider:3: 2465 daAuts
     D:8: 2163 daAuts
    D:15: 1980 daAuts
Spider:1: 1956 daAuts
     D:7: 1924 daAuts
Shoals:2: 1728 daAuts
  Lair:5: 1704 daAuts
  Lair:3: 1683 daAuts
   IceCv: 1671 daAuts
  Lair:4: 1668 daAuts
  Lair:1: 1602 daAuts
  Lair:2: 1522 daAuts
Shoals:3: 1398 daAuts
     D:6: 1332 daAuts
